 Dungeon Crawl Stone Soup version 0.29.0-11-gd7f09526c8 (webtiles) character file.

Game seed: 11620474258768842982

926 Zeldest the Covert (level 7, -2/31 HPs)
             Began as a Felid Delver on Sept 4, 2022.
             Was a Believer of Dithmenos.
             Slain by Prince Ribbit (16 damage)
             ... on level 7 of the Dungeon.
             The game lasted 00:11:11 (6225 turns).

Zeldest the Covert (Felid Delver)                   Turns: 6225, Time: 00:11:12

Health: -2/31      AC:  2    Str:  8    XL:     7   Next: 85%
Magic:  12/12      EV: 20    Int: 14    God:    Dithmenos [**....]
Gold:   249        SH:  0    Dex: 23    Spells: 6/6 levels left
                                        Lives:  0   Deaths: 2

rFire   . . .      SeeInvis +     - Unarmed
rCold   . . .      Faith    .   (shield unavailable)
rNeg    . . .      Spirit   .   (body armour unavailable)
rPois   +          Reflect  .   (helmet unavailable)
rElec   .          Harm     .   (cloak unavailable)
rCorr   .          Rampage  .   (gloves unavailable)
Will    +....                   (boots unavailable)
Stlth   +++++++...              r - amulet of the acrobat
HPRegen 0.10/turn               n - +6 ring of dexterity
MPRegen 0.13/turn               y - ring of poison resistance

@: wreathed by umbra, quick
A: very small, claws 1, fangs 3, see invisible, speed 1, shaggy fur 2, stealthy
paws, no weapons or thrown items, no armour, multi-lived
a: Renounce Religion, Shadow Step


You were on level 7 of the Dungeon.
You worshipped Dithmenos.
Dithmenos was pleased with you.
You visited 2 branches of the dungeon, and saw 7 of its levels.

You collected 294 gold pieces.
You spent 45 gold pieces at shops.

Inventory:

Jewellery
 g - a +6 ring of dexterity
 n - a +6 ring of dexterity (left paw)
 r - an amulet of the acrobat (around neck)
 x - a ring of magical power
 y - a ring of poison resistance (right paw)
Wands
 e - a wand of digging (3)
 t - a wand of roots (4)
Scrolls
 a - a scroll of fog
 c - a scroll of fear
 f - 4 scrolls of enchant armour {unknown}
 j - 2 scrolls of blinking {unknown}
 k - a scroll of noise {unknown}
 m - 3 scrolls of magic mapping
 p - 3 scrolls of identify {unknown}
 z - a scroll of poison {unknown}
Potions
 b - a potion of invisibility {unknown}
 d - 2 potions of haste
 h - 5 potions of lignification {unknown}
 i - 2 potions of resistance {unknown}
 l - 2 potions of degeneration {unknown}
 o - 2 potions of heal wounds {unknown}
 q - 2 potions of berserk rage
 u - a potion of curing
 v - 2 potions of flight {unknown}
 w - 3 potions of attraction {unknown}


   Skills:
 - Level 3.8 Fighting
 - Level 4.1 Dodging
 + Level 11.8 Stealth
 + Level 7.2 Unarmed Combat
 + Level 6.3 Invocations


You had 6 spell levels left.
You didn't know any spells.
Your spell library contained the following spells:

 Spells                   Type           Power      Damage    Failure   Level
 Sandblast                Erth           0%         2d4       28%         1
 Shock                    Conj/Air       0%         1d3       28%         1
 Sting                    Tmut/Pois      0%         1d3       28%         1
 Passwall                 Tmut/Erth      0%         N/A       41%         2
 Poisonous Vapours        Pois/Air       0%         N/A       41%         2
 Sublimation of Blood     Necr           0%         N/A       41%         2
 Wereblood                Tmut           0%         N/A       41%         2
 Dazzling Flash           Conj/Hex       0%         N/A       65%         3
 Stone Arrow              Conj/Erth      0%         3d7       65%         3
 Swiftness                Air            0%         N/A       65%         3
 Airstrike                Air            0%         2d(0-16)  96%         4
 Olgreb's Toxic Radiance  Pois           0%         N/A       96%         4
 Agony                    Necr           0%         N/A       100%        5
 Alistair's Intoxication  Tmut/Pois      0%         N/A       100%        5
 Borgnjor's Vile Clutch   Necr/Erth      0%         N/A       100%        5
 Silence                  Hex/Air        0%         N/A       100%        5
 Eringya's Noxious Bog    Tmut/Pois      0%         N/A       100%        6
 Summon Hydra             Summ           0%         N/A       100%        7


Dungeon Overview and Level Annotations

Branches:
Dungeon (7/15)             Temple (1/1) D:4

Altars:
Ashenzari
Cheibriados
Dithmenos
Elyvilon
Fedhas
Gozag
Kikubaaqudgha
Makhleb
Nemelex Xobeh
Okawaru
Ru
Sif Muna
Trog
Uskayaw
Vehumet
Xom
Yredelemnul

Shops:
D:4 [   D:5 *   D:6 *

Annotations:
D:7 Prince Ribbit


Innate Abilities, Weirdness & Mutations

You have sharp claws.
You have razor-sharp teeth.
You have supernaturally acute eyesight. (SInv)
You cover ground quickly. (Speed+)
You are covered in thick fur. (AC +2)
Your paws help you pounce on unaware monsters.
You are incapable of wielding weapons or throwing items.
You cannot wear armour.
You gain extra lives every three experience levels.


Message History

Prince Ribbit barely misses you.
You miss Prince Ribbit.
Prince Ribbit is moderately wounded.
Prince Ribbit asks, "Just a little smooch?"
Prince Ribbit blinks!
Okay, then.
Okay, then.
Prince Ribbit completely misses you.
You scratch Prince Ribbit.
Prince Ribbit is moderately wounded.
Prince Ribbit misses you.
You closely miss Prince Ribbit.
Prince Ribbit is moderately wounded.
Prince Ribbit closely misses you.
You scratch Prince Ribbit.
Prince Ribbit is heavily wounded.
Prince Ribbit completely misses you.
Prince Ribbit blinks!
You miss Prince Ribbit.
Prince Ribbit is heavily wounded.
Prince Ribbit closely misses you.
You miss Prince Ribbit.
Prince Ribbit is heavily wounded.
Prince Ribbit misses you.
You completely miss Prince Ribbit.
Prince Ribbit is heavily wounded.
Prince Ribbit closely misses you.
You barely miss Prince Ribbit.
Prince Ribbit is heavily wounded.
Prince Ribbit barely misses you.
You scratch Prince Ribbit. Your bite misses Prince Ribbit.
Prince Ribbit is heavily wounded.
Prince Ribbit misses you. Prince Ribbit closely misses you.
You scratch Prince Ribbit but do no damage.
Prince Ribbit is heavily wounded.
Prince Ribbit hits you.
You scratch Prince Ribbit. Your claw misses Prince Ribbit.
Prince Ribbit is heavily wounded.
Prince Ribbit hits you!
Ouch! That really hurt!
You die...

..# ##..#
##....#
###.....#
##.......##
#.........#
#.........##
#...@F.....##
##.......|..##
##..........#
##.........##
##.........##
#..........##
#..#....<...#
#..####.....#
#...# ###..##


You could see Prince Ribbit.

Vanquished Creatures
  Maggie (D:6)
  Sigmund (D:6)
  A water moccasin (D:6)
  An orc warrior (D:4)
  A black bear (D:6)
  An ice beast (D:5)
  2 ogres
  A centaur (D:6)
  2 phantoms
  2 bullfrogs
  5 scorpions
  A howler monkey (D:6)
  2 jellies (D:6)
  2 orc priests (D:5)
  2 hounds (D:5)
  7 iguanas
  Ijyb (D:3)
  Natasha (twice) (D:3)
  2 orc wizards
  5 adders
  2 white imps
  3 ufetubi (D:5)
  3 worms
  A dart slug (D:4)
  11 orcs
  5 ball pythons
  2 endoplasms
  3 giant cockroaches
  2 goblins
  5 hobgoblins
  6 jackals
  2 bats
  4 frilled lizards
  4 kobolds
  4 rats
99 creatures vanquished.

Notes
Turn   | Place    | Note
-------+----------+-------------------------------------------
     0 | D:5      | Zeldest the Felid Delver began the quest for the Orb.
     0 | D:5      | Reached XP level 1. HP: 10/10 MP: 2/2
    17 | D:5      | Noticed an ice beast
    23 | D:5      | Killed an ice beast
    24 | D:5      | Reached skill level 7 in Stealth
    24 | D:5      | Reached XP level 2. HP: 14/14 MP: 3/3
    24 | D:5      | Reached XP level 3. HP: 17/17 MP: 4/4
    24 | D:5      | Reached XP level 4. HP: 21/21 MP: 5/5
   164 | D:5      | Found Iwenyk Quol's General Store.
   175 | D:5      | Noticed an ogre
   259 | D:4      | Found a staircase to the Ecumenical Temple.
   266 | Temple   | Entered the Ecumenical Temple
   319 | Temple   | Became a worshipper of Dithmenos the Shadowed
   646 | D:4      | Reached XP level 5. HP: 25/25 MP: 6/6
   796 | D:4      | Found Sistrulatt's Antique Armour Shoppe.
  1051 | D:4      | Noticed an orc warrior
  1334 | D:3      | Found a sacrificial altar of Ru.
  1495 | D:3      | Noticed Natasha
  1507 | D:3      | Killed Natasha
  1672 | D:3      | Reached skill level 1 in Invocations
  1784 | D:3      | Noticed Natasha
  1932 | D:2      | Reached * piety under Dithmenos
  2117 | D:2      | Found a shadowy altar of Dithmenos.
  2123 | D:2      | Identified the +1 pair of boots of Midnight {rF+}
  2182 | D:2      | Found a faded altar of an unknown god.
  2608 | D:3      | Killed Natasha
  2758 | D:3      | Reached skill level 8 in Stealth
  2773 | D:3      | Noticed Ijyb
  2778 | D:3      | Killed Ijyb
  2779 | D:3      | Gained mutation: You are covered in thick fur. (AC +2)
                  | [Felid growth]
  2779 | D:3      | Reached XP level 6. HP: 28/28 MP: 8/8
  3057 | D:4      | Found a shimmering blue altar of Sif Muna.
  3066 | D:4      | Got Sif Muna's Textbook on Maleficent Liturgies
  3075 | D:4      | Found a bloodstained altar of Trog.
  3078 | D:4      | Killed an orc warrior
  3651 | D:5      | Reached XP level 7. HP: 4/31 MP: 10/10
  3946 | D:5      | Bought a potion of curing for 30 gold pieces
  3994 | D:5      | Reached skill level 9 in Stealth
  4032 | D:5      | Reached ** piety under Dithmenos
  4047 | D:5      | Reached skill level 5 in Unarmed Combat
  4234 | D:5      | HP: 1/30 [ogre/+0 giant club (29)]
  4790 | D:6      | Noticed Maggie
  4929 | D:5      | Reached XP level 8. HP: 30/36 MP: 12/12
  4994 | D:6      | Reached skill level 10 in Stealth
  5195 | D:6      | Noticed Sigmund
  5198 | D:6      | Reached skill level 5 in Invocations
  5231 | D:6      | Killed Sigmund
  5266 | D:6      | Reached skill level 11 in Stealth
  5610 | D:6      | Found a broken altar of Ashenzari.
  5620 | D:6      | Found a burning altar of Makhleb.
  5659 | D:6      | Slain by Maggie
  5660 | D:6      | Reached XP level 7. HP: -1/31 MP: 12/12
  5670 | D:6      | Reached XP level 8. HP: 16/36 MP: 13/13
  5682 | D:6      | Mangled by Maggie
  5683 | D:6      | Reached XP level 7. HP: -8/31 MP: 12/12
  5727 | D:6      | Found Caipso's CLEARANCE SALE!.
  5734 | D:6      | Bought a potion of berserk rage for 15 gold pieces
  6143 | D:6      | Killed Maggie
  6204 | D:7      | Noticed Prince Ribbit
  6225 | D:7      | Slain by Prince Ribbit

Illustrated notes

Levels and vault maps discovered:
D:2:      layout_rooms, basic_altar, hellmonk_ecumenical_altar_heavens_door,
          serial_aquarium, aquarium_bridge_square [aquarium_subvault_wall,
          aquarium_subvault_balcony, aquarium_subvault_bridge,
          aquarium_subvault_window], aquarium_bridge_straight
          [aquarium_subvault_bridge, aquarium_subvault_wall,
          aquarium_subvault_bridge, aquarium_subvault_balcony],
          aquarium_window_1, aquarium_window_1, aquarium_view_2b,
          aquarium_view_2d, aquarium_balcony_5a
D:3:      layout_loops_corners, lemuel_tele_altar, lemuel_old_faithful,
          uniq_natasha, uniq_ijyb
D:4:      layout_basic, nzn_overflow_gifts_of_might_and_magic,
          minmay_temple_entry_statues_pillars, serial_shops,
          nicolae_diamond_shop
D:5:      layout_rooms, minmay_shop_grid_forest
D:6:      layout_basic, grunt_temple_overflow_open, nicolae_shop_clearance,
          uniq_maggie, uniq_sigmund
D:7:      layout_cave_pods, minivault_23, uniq_prince_ribbit1, uniq_duvessa
Temple:   minmay_temple_bridge_abc

Skill      XL: |  1  2  3  4  5  6  7  8 |
---------------+-------------------------+-----
Dodging        | 3 4 |  4.1
Stealth        | 7 8 9 11 | 11.8
Unarmed Combat | 3 4 7 6 |  7.2
Invocations    | 1 3 6 5 |  6.3
Fighting       | |  3.8

Action                   |  1- 3 |  4- 6 |  7- 9 || total
-------------------------+-------+-------+-------++-------
Melee: Unarmed           |     1 |   175 |   171 ||   347
       Bite              |       |    15 |    25 ||    40
       Punch             |       |     4 |     9 ||    13
Evoke: Wand              |       |     1 |     8 ||     9
  Use: Scroll            |       |     1 |       ||     1
       Potion            |       |       |     2 ||     2
 Stab: Sleeping          |     1 |    18 |    11 ||    30
       Distracted        |       |     1 |     1 ||     2
Armor: Skin              |       |     8 |     4 ||    12
Dodge: Dodged            |       |   116 |   165 ||   281
